 Dungeon Crawl Stone Soup version 0.18.1-50-g88ac8fd (webtiles) character file.

44 Ginkk the Skirmisher (level 3, -2/30 HPs)
             Began as a Demonspawn Abyssal Knight on Nov 14, 2016.
             Was a Believer of Lugonu.
             Slain by ciphuk's ghost (3 damage)
             ... on level 4 of the Dungeon.
             The game lasted 00:06:08 (1530 turns).

Ginkk the Skirmisher (Demonspawn Abyssal Knight)    Turns: 1530, Time: 00:06:10

Health: -2/30      AC:  6    Str: 13    XL:     3   Next: 39%
Magic:  4/4        EV: 10    Int: 13    God:    Lugonu [**....]
Gold:   180        SH:  3    Dex: 12    Spells: 0 memorised, 2 levels left

rFire  . . .     SeeInvis .     a - +1 mace
rCold  . . .     Gourm    .     b - +1 leather armour
rNeg   . . .     Faith    .     n - +0 buckler
rPois  .         Spirit   .     (no helmet)
rElec  .         Dismiss  .     (no cloak)
rCorr  .         Reflect  .     e - +0 pair of gloves
SustAt .         Harm     .     p - +0 pair of boots
MR     .....                    (no amulet)
Stlth  +.........               (no ring)
                                (no ring)

@: not resistant to hostile enchantments, very unstealthy
A: powered by death 1
a: Depart the Abyss, Bend Space, Renounce Religion


You were on level 4 of the Dungeon.
You worshipped Lugonu.
Lugonu was pleased with you.
You were not hungry.

You visited 1 branch of the dungeon, and saw 5 of its levels.
You visited the Abyss 1 time.

You collected 180 gold pieces.

Inventory:

Hand Weapons
 a - a +1 mace (weapon)
Missiles
 d - 53 arrows
 g - 85 stones (quivered)
 h - 33 poisoned needles
 i - 23 sling bullets
 l - 2 javelins
Armour
 b - a +1 leather armour (worn)
 e - a +0 pair of gloves (worn)
 n - a +0 buckler (worn)
 p - a +0 pair of boots (worn)
Scrolls
 f - 2 scrolls of remove curse
Potions
 k - 2 potions of curing
Comestibles
 c - 5 bread rations


   Skills:
 + Level 3.7 Fighting
 + Level 2.0 Maces & Flails
 + Level 2.2 Armour
 + Level 1.1 Dodging
 + Level 0.2 Stealth
 + Level 2.6 Invocations


You had 2 spell levels left.
You didn't know any spells.

Dungeon Overview and Level Annotations

Branches:
Dungeon (5/15)
 Temple: D:4-7

Altars:
Kikubaaqudgha
Okawaru

Annotations:
D:4 ciphuk's ghost, amateur HuSk


Innate Abilities, Weirdness & Mutations

You regenerate a little health from kills.


Message History

The howler monkey hits you but does no damage.
The howler monkey bites you.
* * * LOW HITPOINT WARNING * * *
Ciphuk's ghost hits you.
* * * LOW HITPOINT WARNING * * *
The howler monkey hits you but does no damage.
The howler monkey closely misses you.
You hit ciphuk's ghost.
Ciphuk's ghost is moderately damaged.
Ciphuk's ghost barely misses you.
The howler monkey hits you but does no damage.
The howler monkey barely misses you. Ciphuk's ghost hits you.
* * * LOW HITPOINT WARNING * * *
You hit the howler monkey.
The howler monkey is almost dead.
The howler monkey hits you.
* * * LOW HITPOINT WARNING * * *
The howler monkey bites you but does no damage.
Ciphuk's ghost hits you.
You die...

#..............
#.#####.###.... .#
#>....... .#
#.####### .# #.#
.# #.# .# #.#
####h# #.# #.W@.#
#.# #.##.# #.#
#.########.######
#................#
################.#


You could see a howler monkey and ciphuk's ghost (inner flame).

Vanquished Creatures
  An adder (D:2)
  4 dart slugs
  2 giant geckos (D:1)
  2 giant cockroaches
  3 goblins
  2 hobgoblins
  6 kobolds (D:1)
  2 bats (D:1)
  3 giant newts
25 creatures vanquished.

Notes
Turn   | Place    | Note
--------------------------------------------------------------
     0 | Abyss:1  | Ginkk the Demonspawn Abyssal Knight began the quest for the Orb.
     0 | Abyss:1  | Reached XP level 1. HP: 18/18 MP: 2/2
    37 | D:1      | Escaped the Abyss
   266 | D:1      | Gained mutation: You regenerate a little health from kills. [demonic ancestry]
   266 | D:1      | Reached XP level 2. HP: 23/24 MP: 3/3
   347 | D:1      | Reached skill level 1 in Dodging
   366 | D:2      | Found an ancient bone altar of Kikubaaqudgha.
   725 | D:2      | Reached XP level 3. HP: 28/29 MP: 4/4
   933 | D:1      | Reached ** piety under Lugonu
  1374 | D:2      | Found an iron altar of Okawaru.
  1456 | D:4      | Noticed ciphuk's ghost (amateur HuSk)
  1496 | D:5      | Entered Level 5 of the Dungeon
  1529 | D:4      | HP: 1/30 [ciphuk's ghost (5)]
  1530 | D:4      | Slain by ciphuk's ghost

Skill      XL: |  1  2  3 |
---------------+----------+-----
Armour         | 2 |  2.2
Dodging        | 1 |  1.1
Maces & Flails | 2 |  2.0
Fighting       | |  3.7
Stealth        | |  0.2
Invocations    | |  2.6

Action                   || total
-------------------------++-------
Melee: Mace              ||    86
Invok: Bend Space        ||     1
  Use: Scroll            ||     4
       Potion            ||     2
  Eat: Beef jerky        ||     1
       Chunk             ||     1
Armor: Leather armour    ||    38
Dodge: Dodged            ||    66
Block: Buckler           ||     5
